 Dungeon Crawl Stone Soup version 0.31-a0-196-g86fe4a5e66 (webtiles) character file.

Game seed: 15036795911614828080

14508 Armakuni the Destroyer (level 12, -3/86 HPs)
             Began as a Human Conjurer on June 24, 2023.
             Was an Initiate of Gozag.
             Slain by a shadow (9 damage)
             ... on level 12 of the Dungeon.
             The game lasted 00:45:54 (15304 turns).

Armakuni the Destroyer (Human Conjurer)            Turns: 15304, Time: 00:45:55

Health: -3/86      AC:  5    Str: 11    XL:     12   Next: 46%
Magic:  7/19       EV: 18    Int: 20    God:    Gozag
Gold:   988        SH:  0    Dex: 12    Spells: 12/21 levels left

rFire   . . .        a - staff of conjuration
rCold   . . .        (no shield)
rNeg    . . .        f - +0 robe
rPois   +            (no helmet)
rElec   .            o - +0 cloak
rCorr   .            O - +0 pair of gloves
SInv    .            q - +0 pair of boots
Will    .....        (no amulet)
Stlth   +            E - +5 ring of evasion
HPRegen 0.34/turn    P - ring of poison resistance
MPRegen 0.16/turn

%: no passive effects
@: confused, about to teleport, ambrosia-drunk, gold aura
A: no striking features
a: Renounce Religion, Potion Petition, Call Merchant, Bribe Branch


You were on level 12 of the Dungeon.
You worshipped Gozag.
Gozag was pleased with you.
You visited 2 branches of the dungeon, and saw 13 of its levels.

You collected 1855 gold pieces.
You paid 867 gold pieces to Gozag.

Inventory:

Missiles
 n - 3 throwing nets
 v - 4 curare-tipped darts
Armour
 c - a +0 buckler
 f - a +0 robe (worn)
 o - a +0 cloak (worn)
 q - a +0 pair of boots (worn)
 y - a +2 buckler
 K - the +1 scale mail "Iphazi" {Rampage rPois}
   (You took it off an orc on level 8 of the Dungeon)

   rPois:     It protects you from poison.
   Rampage:   It bestows one free step when moving towards enemies.
 O - a +0 pair of gloves (worn)
Magical Staves
 a - a staff of conjuration (weapon)
 b - a staff of poison
Jewellery
 A - a +4 ring of protection
 E - a +5 ring of evasion (left hand)
 F - a ring of fire
 P - a ring of poison resistance (right hand)
 W - a ring of wizardry
Wands
 M - a wand of polymorph (4)
 N - a wand of acid (3)
Scrolls
 e - 2 scrolls of torment
 h - 2 scrolls of enchant armour
 j - 2 scrolls of vulnerability
 p - a scroll of fog
 r - a scroll of blinking
 u - 6 scrolls of teleportation
 w - 3 scrolls of noise
 z - a scroll of silence
 C - a scroll of revelation
 J - a scroll of brand weapon
 Q - 3 scrolls of enchant weapon
 R - a scroll of poison
Potions
 d - a potion of brilliance
 g - a potion of lignification
 i - 2 potions of ambrosia
 k - 9 potions of curing
 l - 2 potions of invisibility
 m - 3 potions of magic
 s - a potion of might
 t - a potion of cancellation
 x - a potion of berserk rage
 B - a potion of mutation {unknown}
 D - 2 potions of enlightenment
 G - a potion of haste {unknown}
 I - 2 potions of heal wounds
 L - 2 potions of degeneration {unknown}


   Skills:
 - Level 5.0 Fighting
 - Level 5.0 Staves
 + Level 0.3 Armour
 - Level 3.9 Dodging
 - Level 2.0 Stealth
 - Level 4.0 Shields
 - Level 5.0 Spellcasting
 - Level 12.0 Conjurations
 - Level 4.0 Translocations
 - Level 5.0 Poison Magic
 - Level 10.0 Evocations


You had 12 spell levels left.
You knew the following spells:

 Your Spells              Type           Power      Damage    Failure   Level
c - Mephitic Cloud        Conj/Pois/Air  41%        N/A       3%          3
m - Iskenderun's Mystic   Conj/Tloc      53%        2d11      4%          4
z - Searing Ray           Conj           100%       2d8       1%          2

Your spell library contained the following spells:

 Spells                   Type           Power      Damage    Failure   Level
 Magic Dart               Conj           100%       1d8       1%          1
 Dazzling Flash           Conj/Hex       86%        N/A       3%          3
 Flame Wave               Conj/Fire      43%        2d11      10%         4
 Fulminant Prism          Conj/Hex       21%        3d12      10%         4
 Sticky Flame             Conj/Fire      43%        2d6       10%         4
 Beastly Appendage        Tmut           10%        N/A       12%         1
 Spider Form              Tmut/Pois      15%        N/A       12%         3
 Portal Projectile        Hex/Tloc       26%        N/A       16%         3
 Volatile Blastmotes      Fire/Tloc      26%        2d12      16%         3
 Call Imp                 Summ           10%        N/A       17%         2
 Ensorcelled Hibernation  Hex/Ice        10%        N/A       17%         2
 Passwall                 Tmut/Erth      4%         N/A       17%         2
 Wereblood                Tmut           5%         N/A       17%         2
 Frozen Ramparts          Ice            10%        1d2       34%         3
 Inner Flame              Hex/Fire       5%         N/A       34%         3
 Swiftness                Air            5%         N/A       34%         3
 Tukima's Dance           Hex            5%         N/A       34%         3
 Ice Form                 Ice/Tmut       5%         N/A       75%         4
 Summon Ice Beast         Ice/Summ       5%         N/A       75%         4
 Blade Hands              Tmut           2%         N/A       97%         5
 Lee's Rapid Deconstruct  Erth           2%         3d5*      97%         5


Dungeon Overview and Level Annotations

Branches:
Dungeon (12/15)            Temple (1/1) D:6            Lair (0/5) D:8
    Orc (0/2) D:12

Altars:
Ashenzari
Cheibriados
Dithmenos
Elyvilon
Fedhas
Gozag
Hepliaklqana
Kikubaaqudgha
Makhleb
Nemelex Xobeh
Okawaru
Qazlal
Ru
Sif Muna
Trog
Uskayaw
Vehumet
Wu Jian
Xom
Yredelemnul
Zin
The Shining One

Shops:
D:9 (   D:10 :

Portals:
Trove: D:12 (give +2 storm dragon scales)


Message History

The centaur warrior zombie is moderately damaged.
The centaur warrior zombie is knocked back by the mystic blast.
The mystic blast hits something but does no damage.
The mystic blast hits the shadow!
The shadow is severely damaged.
The shadow is knocked back by the mystic blast.
Something barely misses you. Something closely misses you.
You barely miss something. Something hits you. Something closely misses you.
Casting: Iskenderun's Mystic Blast (dangerous; 4% risk of failure)
Confirm with . or Enter, or press ? or * to list all spells.
You don't have enough magic to cast this spell.
Casting: Iskenderun's Mystic Blast (dangerous; 4% risk of failure)
Confirm with . or Enter, or press ? or * to list all spells.
Okay, then.
As you read the scroll of teleportation, it crumbles to dust.
You feel strangely unstable. Something closely misses you. Something bites you.
Something draws strength from your injuries!
The shadow slips into darkness.
The shadow flickers and vanishes!
The centaur warrior zombie misses you.
The centaur warrior zombie kicks you but does no damage.
You hear some strange, mumbled words.
You are confused.
The shadow strikes at you from the darkness!
* * * LOW HITPOINT WARNING * * *
Reactivating autopickup.
Things that are here:
6 gold pieces; a +0 dagger; a +1 robe of fire resistance You are more confused.
You feel invigorated.
The centaur warrior zombie hits you but does no damage.
The centaur warrior zombie kicks you but does no damage.
Something hits you but does no damage.
Deactivating autopickup; reactivate with Ctrl-A.
Something bites you!
* * * LOW HITPOINT WARNING * * *
Something draws strength from your injuries!
The shadow hits you!
You die...
Your body crumbles into a pile of gold.

.. #. .#. .. #... .' ...
#... .#....
#...#######'#o..
#..........>..........
###........W..###+#....#
.......8..@Z..#...#....#
......8.8.{...#...#....#
.....8.∩.8#####...#....#
......8.8.........#....####
.......8.....)....#........
..................#<.....#
......#..........o#......#
......#..########.#......#
......#..# #...#####..#


You could see an orc warrior (wandering), a shadow and a centaur warrior zombie.

Vanquished Creatures
  2 boulder beetles (D:11)
  3 two-headed ogres
  A wizard (D:10)
  2 manticores
  Joseph (D:10)
  Maurice (D:9)
  A gargoyle (D:10)
  2 kobold demonologists
  3 trolls
  A wyvern (D:9)
  15 yaks
  A steam dragon (D:7)
  A warg (D:12)
  Menkaure (D:6)
  2 acid dragons (D:11)
  Duvessa (D:5)
  4 water moccasins
  4 black bears
  5 orc warriors
  2 ice beasts
  3 sky beasts
  5 wolves (D:8)
  4 centaurs
  2 phantoms (D:6)
  3 bullfrogs
  3 kobold brigands
  4 gnoll sergeants
  6 scorpions
  Dowan (D:5)
  8 howler monkeys
  2 electric eels (D:8)
  4 orc priests
  7 hounds
  3 jellies
  2 sleepcaps (D:6)
  A gnoll bouda (D:8)
  3 iguanas
  Jessica (D:3)
  12 orc wizards
  33 gnolls
  8 adders
  An ufetubus (D:7)
  A worm (D:1)
  A dart slug (D:2)
  46 orcs
  8 bats
  6 endoplasms
  5 giant cockroaches
  8 hobgoblins
  3 jackals (D:1)
  2 quokkas
  4 ball pythons
  A frilled lizard (D:1)
  7 goblins
  15 kobolds
  6 rats
282 creatures vanquished.

Notes
Turn   | Place    | Note
-------+----------+-------------------------------------------
     0 | D:1      | Armakuni the Human Conjurer began the quest for the Orb.
     0 | D:1      | Reached XP level 1. HP: 13/13 MP: 3/3
   317 | D:1      | Reached XP level 2. HP: 19/19 MP: 1/5
   320 | D:1      | Learned a level 2 spell: Searing Ray
   449 | D:1      | You fall into a shaft and drop 1 floor!
  1017 | D:1      | Reached XP level 3. HP: 21/24 MP: 1/6
  1935 | D:2      | Reached XP level 4. HP: 25/30 MP: 2/8
  1959 | D:2      | Learned a level 4 spell: Iskenderun's Mystic Blast
  2119 | D:2      | Reached skill level 5 in Conjurations
  2183 | D:2      | Reached XP level 5. HP: 35/35 MP: 5/10
  2511 | D:3      | Noticed Jessica
  2513 | D:3      | Found a glowing golden altar of the Shining One.
  2517 | D:3      | Killed Jessica
  2709 | D:3      | Reached XP level 6. HP: 13/41 MP: 8/12
  3217 | D:3      | Reached skill level 6 in Conjurations
  3407 | D:3      | Found a broken altar of Ashenzari.
  3823 | D:4      | Noticed a black bear
  3830 | D:4      | Killed a black bear
  3831 | D:4      | Reached XP level 7. HP: 44/46 MP: 6/14
  3885 | D:4      | Found a glowing silver altar of Zin.
  3913 | D:4      | Reached skill level 5 in Spellcasting
  4732 | D:5      | Entered Level 5 of the Dungeon
  4754 | D:5      | Noticed Duvessa
  4754 | D:5      | Noticed Dowan
  4760 | D:5      | Killed Duvessa
  4760 | D:5      | Killed Dowan
  4761 | D:5      | Reached skill level 7 in Conjurations
  4849 | D:5      | Reached XP level 8. HP: 48/52 MP: 7/15
  4864 | D:5      | Reached skill level 8 in Conjurations
  4955 | D:5      | Learned a level 3 spell: Mephitic Cloud
  5142 | D:5      | Reached skill level 9 in Conjurations
  6112 | D:6      | Noticed a yak
  6113 | D:6      | Noticed a yak
  6114 | D:6      | Noticed a yak
  6122 | D:6      | Killed a yak
  6123 | D:6      | Reached skill level 10 in Conjurations
  6123 | D:6      | Reached skill level 1 in Fighting
  6123 | D:6      | Reached XP level 9. HP: 54/60 MP: 7/16
  6404 | D:6      | Reached skill level 5 in Fighting
  6515 | D:6      | Reached skill level 1 in Staves
  7081 | D:6      | Found a staircase to the Ecumenical Temple.
  7087 | Temple   | Entered the Ecumenical Temple
  7190 | Temple   | Became a worshipper of Gozag Ym Sagoz the Greedy
  7497 | D:6      | Reached skill level 5 in Staves
  7738 | D:6      | Reached XP level 10. HP: 74/74 MP: 10/17
  7924 | D:7      | Noticed Menkaure
  7930 | D:6      | Killed Menkaure
  8464 | D:7      | Reached skill level 5 in Evocations
  9045 | D:8      | Identified the +1 scale mail "Iphazi" {Rampage rPois}
  9611 | D:8      | Found a staircase to the Lair.
 10038 | D:9      | Noticed Maurice
 10038 | D:9      | Noticed a kobold demonologist
 10044 | D:9      | Killed a kobold demonologist
 10046 | D:9      | Killed Maurice
 10047 | D:9      | Reached XP level 11. HP: 64/79 MP: 7/18
 10246 | D:9      | Reached skill level 1 in Shields
 10585 | D:9      | Found Bavvit's Antique Weapon Boutique.
 11004 | D:9      | Found a shimmering blue altar of Sif Muna.
 11004 | D:9      | Found a blossoming altar of Fedhas.
 11552 | D:10     | Entered Level 10 of the Dungeon
 11653 | D:10     | Reached skill level 10 in Evocations
 11857 | D:10     | Noticed Joseph
 11867 | D:10     | Killed Joseph
 12553 | D:10     | Noticed a wizard
 12567 | D:10     | Killed a wizard
 12746 | D:10     | Noticed a two-headed ogre
 12755 | D:10     | Killed a two-headed ogre
 12756 | D:10     | Reached skill level 11 in Conjurations
 12842 | D:10     | Found an iron altar of Okawaru.
 12946 | D:11     | Noticed a two-headed ogre
 12956 | D:11     | Killed a two-headed ogre
 12956 | D:11     | Noticed a boulder beetle
 13063 | D:11     | Noticed a manticore
 13298 | D:11     | Killed a boulder beetle
 13299 | D:11     | Reached skill level 12 in Conjurations
 13299 | D:11     | Reached XP level 12. HP: 52/86 MP: 10/19
 13426 | D:11     | Noticed a boulder beetle
 13838 | D:11     | Reached skill level 1 in Poison Magic
 14129 | D:11     | Killed a boulder beetle
 14710 | D:11     | Reached skill level 5 in Poison Magic
 15088 | D:12     | Found a staircase to the Orcish Mines.
 15097 | D:12     | Reached skill level 1 in Translocations
 15099 | D:12     | Noticed a boulder beetle
 15260 | D:12     | Noticed a two-headed ogre
 15261 | D:12     | Found a portal to a secret trove of treasure.
 15269 | D:12     | Killed a two-headed ogre
 15304 | D:12     | Slain by a shadow

Illustrated notes

Levels and vault maps discovered:
D:1:      dpeg_arrival_brainrot, layout_basic, minmay_strange_pillars,
          minmay_3d_cube
D:2:      layout_loops_ring
D:3:      layout_loops_ring, ashenzari_altar_1,
          mainiacjoe_overflow_concentric_impassable, uniq_jessica
D:4:      layout_basic, nicolae_overflow_crystal_walls,
          kennysheep_generic_room_7
D:5:      minmay_spotlight, layout_rooms, uniq_duvessa
D:6:      minmay_razor_zed, layout_loops_corners,
          minmay_temple_entry_enclosed_plants, chequers_serial_rivers_room_b
D:7:      layout_cave_pools, kennysheep_generic_room_11, uniq_menkaure
D:8:      layout_basic, erik_lair_island
D:9:      wander_river, layout_basic, gammafunk_temple_overflow_pools,
          serial_shops, shop, uniq_maurice
D:10:     layout_roguey, mainiacjoe_overflow_alcove_2, uniq_joseph
D:11:     layout_stronghold, kennysheep_dice
D:12:     layout_irregular_city, erik_orc_4, portal_ice_cave_demonic_guard,
          serial_undead, serial_undead_a, serial_undead_d, serial_undead_b,
          serial_undead_a, enter_trove_2, uniq_frances
Temple:   minmay_temple_bridge_d

Skill      XL: |  1  2  3  4  5  6  7  8  9 10 11 12 |
---------------+-------------------------------------+-----
Spellcasting   | 3 4 5 |  5.0
Conjurations   | 5 6 7 10 12 | 12.0
Fighting       | 1 5 |  5.0
Staves         | 5 |  5.0
Dodging        | 3 |  3.9
Evocations     | 8 10 | 10.0
Shields        | 4 |  4.0
Poison Magic   | 5 |  5.0
Translocations | 4 |  4.0
Armour         | |  0.3
Stealth        | |  2.0

Action                     |  1- 3 |  4- 6 |  7- 9 | 10-12 || total
---------------------------+-------+-------+-------+-------++-------
  Melee: Quarterstaff      |     1 |     3 |       |       ||     4
         Mace              |       |    21 |       |       ||    21
         Whip              |       |     5 |    43 |       ||    48
         Punch             |       |       |     1 |     7 ||     8
         Staff             |       |       |       |   227 ||   227
   Cast: Magic Dart        |    17 |       |       |       ||    17
         Searing Ray       |    20 |    32 |    55 |    66 ||   173
         Iskenderun's Myst |       |       |     4 |    35 ||    39
         Mephitic Cloud    |       |       |       |    36 ||    36
 Invoke: Call Merchant     |       |       |       |     1 ||     1
  Evoke: Wand              |       |       |     3 |    16 ||    19
    Use: Scroll            |     5 |     6 |     4 |    15 ||    30
         Potion            |       |     2 |     1 |     2 ||     5
   Stab: Sleeping          |     1 |     1 |       |       ||     2
         Paralysed         |       |       |       |    13 ||    13
         Confused          |       |       |       |    12 ||    12
         Distracted        |       |       |       |     3 ||     3
 Armour: Robe              |     4 |    30 |    28 |    44 ||   106
  Dodge: Dodged            |    10 |    33 |    62 |   172 ||   277

Table legend: (Time is in decaauts)
 A = Elapsed time spent in this place.
 B = Non-inter-level travel time spent in this place.
 C = Inter-level travel time spent in this place.
 D = Time resting spent in this place.
 E = Time spent auto-exploring this place.
 F = Levels seen in this place.
 G = Mean time per level.
                   A        B        C        D        E       F      G
               +--------+--------+--------+--------+--------+-----+--------+
         Total |  15336 |  14443 |    893 |   3096 |   8623 |  13 | 1179.7 |
       Dungeon |  15161 |  14366 |    795 |   3096 |   8561 |  12 | 1263.4 |
        Temple |    175 |     77 |     98 |      0 |     62 |   1 |  175.0 |
               +--------+--------+--------+--------+--------+-----+--------+

Top non-repeatable levels by time:
     D:6: 2256 daAuts
     D:9: 1688 daAuts
    D:11: 1659 daAuts
    D:10: 1576 daAuts
     D:1: 1460 daAuts
     D:8: 1213 daAuts
     D:4: 1192 daAuts
     D:2: 1142 daAuts
     D:3: 1062 daAuts
     D:5: 961 daAuts
     D:7: 837 daAuts
  Temple: 175 daAuts
    D:12: 110 daAuts
